 Dungeon Crawl Stone Soup version 0.28.0 (webtiles) character file.

Game seed: 1598703697204173194

548 Host24 the Quickloader (level 7, 0/41 HPs)
             Began as a Kobold Hunter on Mar 5, 2022.
             Slain by a water moccasin skeleton (7 damage)
             ... on level 5 of the Dungeon.
             The game lasted 00:08:20 (5822 turns).

Host24 the Quickloader (Kobold Hunter)              Turns: 5822, Time: 00:08:20

Health: 0/41       AC:  4    Str: 12    XL:     7   Next: 53%
Magic:  7/7        EV: 14    Int: 12    God:
Gold:   227        SH:  0    Dex: 15    Spells: 6/6 levels left

rFire   . . .      SeeInvis .   s - +2 mace (holy)
rCold   + . .      Faith    .   (no shield)
rNeg    . . .      Spirit   .   c - +0 leather armour
rPois   .          Reflect  .   (no helmet)
rElec   .          Harm     .   t - +0 cloak
rCorr   +          Rampage  .   (no gloves)
Will    .....                   (no boots)
Stlth   +++.......              (no amulet)
HPRegen 0.13/turn               o - ring of resist corrosion
MPRegen 0.10/turn               q - ring of protection from cold

@: no status effects
A: small, no large weapons, nightstalker 3
a: no special abilities


You were on level 5 of the Dungeon.
You visited 1 branch of the dungeon, and saw 5 of its levels.

You collected 227 gold pieces.

Inventory:

Hand Weapons
 a - a +1 hand crossbow
 r - a +3 hunting sling
 s - a +2 mace of holy wrath (weapon)
Missiles
 d - 42 bolts
 e - 20 arrows
 f - 10 sling bullets
 j - 11 poisoned darts (quivered)
 m - 6 javelins
 p - 107 stones
Armour
 c - a +0 leather armour (worn)
 t - a +0 cloak (worn)
 B - a +1 ring mail of poison resistance
Jewellery
 o - a ring of resist corrosion (left hand)
 q - a ring of protection from cold (right hand)
 v - a ring of magical power
 z - the ring "Zurph" {Fire Int+2 Stlth+}
   (You found it on level 4 of the Dungeon)

   [ring of fire]

   It enhances your fire magic.
   Int:       It affects your intelligence (+2).
   rF:        It protects you from fire.
   rC:        It makes you vulnerable to cold.
   Stlth:     It makes you more stealthy.
Wands
 y - a wand of paralysis (7)
Scrolls
 g - 3 scrolls of immolation {unknown}
 h - a scroll of amnesia {unknown}
 l - 5 scrolls of identify {unknown}
 u - a scroll of holy word {unknown}
 w - a scroll of torment {unknown}
 x - a scroll of vulnerability {unknown}
 A - 2 scrolls of teleportation {unknown}
Potions
 b - a potion of haste {unknown}
 i - 2 potions of might {unknown}
 k - 2 potions of lignification {unknown}
 n - a potion of ambrosia {unknown}


   Skills:
 - Level 3.0 Fighting
 + Level 9.8 Crossbows
 - Level 3.1 Dodging
 - Level 1.3 Stealth


You had 6 spell levels left.
You didn't know any spells.
Your spell library contained the following spells:

 Spells                   Type           Power      Damage    Failure   Level
 Conjure Flame            Conj/Fire      0%         6-21      77%         3
 Ignite Poison            Fire/Tmut/Pois 0%         N/A       77%         3
 Sticky Flame             Conj/Fire      0%         2d3       99%         4


Dungeon Overview and Level Annotations

Branches:
Dungeon (5/15)
 Temple: D:4-7

Altars:
Kikubaaqudgha
Makhleb
Qazlal
Ru
Trog
Uskayaw


Innate Abilities, Weirdness & Mutations

You are small and have problems with some larger weapons.
You are completely attuned to the shadows.


Message History

The hound is heavily wounded.
The hound bites you but does no damage. The hound closely misses you.
You miss the hound.
The hound is heavily wounded.
The hound bites you but does no damage. The hound closely misses you.
You closely miss the hound.
The hound is heavily wounded.
The hound bites you.
The water moccasin skeleton bites you but does no damage.
The hound bites you but does no damage.
The water moccasin skeleton bites you but does no damage.
The hound bites you. The hound bites you but does no damage.
The hound bites you but does no damage.
You sock the hound!
The hound is almost dead.
The hound closely misses you.
The hound stops to sniff the ground.
The hound closely misses you.
You hit the hound.
You kill the hound!
The water moccasin skeleton bites you.
You hit the water moccasin skeleton.
The water moccasin skeleton convulses.
The water moccasin skeleton is moderately damaged.
The water moccasin skeleton barely misses you.
The water moccasin skeleton bites you.
* * * LOW HITPOINT WARNING * * *
You sock the water moccasin skeleton!
The water moccasin skeleton convulses.
The water moccasin skeleton is severely damaged.
The water moccasin skeleton bites you.
* * * LOW HITPOINT WARNING * * *
The water moccasin skeleton misses you.
You closely miss the water moccasin skeleton.
The water moccasin skeleton is severely damaged.
The water moccasin skeleton closely misses you.
You barely miss the water moccasin skeleton.
The water moccasin skeleton is severely damaged.
The water moccasin skeleton barely misses you.
The water moccasin skeleton bites you!
You die...

.....## .......##
........#
........#
........#### #.#
........Z@.####.#
........##...##.#
........####..#.#
......#..# ##...#
..........
###.####.
###......
..#..##..#
..........
...........


You could see a water moccasin skeleton.

Vanquished Creatures
  Eustachio (D:4)
  A phantom (D:5)
  A scorpion (D:5)
  A centaur zombie (D:5)
  3 hounds
  An iguana (D:4)
  Natasha (twice) (D:2)
  An adder (D:4)
  A worm (D:3)
  A dart slug (D:1)
  4 orcs
  6 ball pythons
  6 bats
  6 endoplasms
  2 giant cockroaches
  7 goblins
  11 hobgoblins
  3 jackals (D:2)
  5 kobolds
  A quokka (D:2)
  2 frilled lizards (D:2)
  4 rats
70 creatures vanquished.

Notes
Turn   | Place    | Note
-------+----------+-------------------------------------------
     0 | D:1      | Host24 the Kobold Hunter began the quest for the Orb.
     0 | D:1      | Reached XP level 1. HP: 12/12 MP: 1/1
    55 | D:1      | Reached skill level 5 in Crossbows
   320 | D:1      | Reached XP level 2. HP: 18/18 MP: 2/2
   510 | D:1      | Found a faded altar of an unknown god.
  1176 | D:1      | Reached XP level 3. HP: 23/23 MP: 3/3
  1843 | D:2      | Noticed Natasha
  1849 | D:2      | Killed Natasha
  1850 | D:2      | Reached XP level 4. HP: 28/28 MP: 4/4
  1973 | D:2      | Noticed Natasha
  1993 | D:2      | Killed Natasha
  1994 | D:2      | Reached skill level 6 in Crossbows
  2596 | D:2      | Found a stormy altar of Qazlal.
  2681 | D:3      | Reached XP level 5. HP: 32/32 MP: 5/5
  2757 | D:3      | Found a burning altar of Makhleb.
  3817 | D:4      | Reached skill level 7 in Crossbows
  3924 | D:4      | Found a bloodstained altar of Trog.
  3924 | D:4      | Found an ancient bone altar of Kikubaaqudgha.
  3924 | D:4      | Found a hide-covered altar of Uskayaw.
  3968 | D:4      | Identified the ring "Zurph" {Fire Int+2 Stlth+}
  4431 | D:4      | Noticed Eustachio
  4446 | D:4      | Killed Eustachio
  4447 | D:4      | Reached skill level 8 in Crossbows
  4447 | D:4      | Reached XP level 6. HP: 21/37 MP: 6/6
  4628 | D:4      | HP: 1/37 [hound (4)]
  5517 | D:5      | Entered Level 5 of the Dungeon
  5518 | D:5      | Noticed a steam dragon
  5549 | D:5      | Reached skill level 9 in Crossbows
  5549 | D:5      | Reached XP level 7. HP: 27/41 MP: 7/7
  5701 | D:5      | Found a sacrificial altar of Ru.
  5822 | D:5      | Slain by a water moccasin skeleton

Illustrated notes

Levels and vault maps discovered:
D:1:      lightli_arrival_noodles, layout_loops_corners,
          chequers_ecumenical_altar_simple
D:2:      layout_basic, basic_altar, uniq_natasha
D:3:      layout_loops_cross, marbit_many_paths
D:4:      layout_layer_cave, gammafunk_temple_overflow_claw, uniq_eustachio
D:5:      layout_rooms, nicolae_ru_sacrificial_ziggurat,
          nicolae_overflow_crystal_walls, minmay_misc_feat_tiny, st_stairs_11,
          nicolae_fountain_basement

Skill      XL: |  1  2  3  4  5  6 |
---------------+-------------------+-----
Crossbows      | 5 6 8 9 |  9.8
Fighting       | 3 |  3.0
Dodging        | 3 |  3.1
Stealth        | |  1.3

Action                   |  1- 3 |  4- 6 |  7- 9 || total
-------------------------+-------+-------+-------++-------
Melee: Short sword       |   113 |    74 |       ||   187
       Punch             |     1 |     2 |       ||     3
       Mace              |       |    11 |    22 ||    33
 Fire: Hand crossbow     |     5 |    28 |       ||    33
       Hunting sling     |       |    32 |       ||    32
 Stab: Sleeping          |     9 |    12 |       ||    21
Armor: Leather armour    |    22 |    28 |    13 ||    63
Dodge: Dodged            |    81 |   114 |    21 ||   216
